 Dungeon Crawl Stone Soup version 0.31-a0-152-g6aa68a64a1 (webtiles) character file.

Game seed: 11713909118673204369

26 qw the Shooter (level 3, -2/32 HPs)
             Began as a Naga Hunter on June 9, 2023.
             Slain by Sigmund
             ... wielding a +0 scythe
              (6 damage)
             ... on level 2 of the Dungeon.
             The game lasted 00:00:19 (709 turns).

qw the Shooter (Naga Hunter)                         Turns: 709, Time: 00:00:19

Health: -2/32      AC:  2    Str: 13    XL:     3   Next: 8%
Magic:  3/3        EV:  9    Int:  9    God:
Gold:   68         SH:  0    Dex: 16    Spells: 2/2 levels left

rFire   . . .        Y - +1 shortbow
rCold   . . .        (shield currently unavailable)
rNeg    . . .        c - +0 leather armour
rPois   +            (no helmet)
rElec   .            (no cloak)
rCorr   .            (no gloves)
SInv    +            (no barding)
Will    .....        (no amulet)
Stlth   ++           (no ring)
HPRegen 0.25/turn    (no ring)
MPRegen 0.08/turn

%: no passive effects
@: short of breath, very slow
A: AC +1, large, see invisible, deformed body, poison resistance, slowness 2,
spit poison 1, naga tail 1
a: Spit Poison


You were on level 2 of the Dungeon.
You visited 1 branch of the dungeon, and saw 2 of its levels.

You collected 68 gold pieces.


Innate Abilities, Weirdness & Mutations

Your serpentine skin is tough. (AC +1)
You have supernaturally acute eyesight. (SInv)
Armour fits poorly on your strangely shaped body.
Your system is resistant to poisons. (rPois)
You cover ground very slowly.
You can spit poison.
You have a snake-like lower body.


   Skills:
 - Level 2.0 Fighting
 + Level 4.5 Ranged Weapons
 - Level 1.5 Dodging
 - Level 1.5 Stealth


You had 2 spell levels left.
You didn't know any spells.
Your spell library was empty.

Inventory:

Hand Weapons
 Y - a +1 shortbow (weapon)
Armour
 c - a +0 leather armour (worn)
Potions
 d - a potion of attraction {unknown}
 f - a potion of degeneration {unknown}
 h - a potion of invisibility {unknown}

Dungeon Overview and Level Annotations

Branches:
Dungeon (2/15)

Altars:
Vehumet

Annotations:
D:2 Sigmund


Message History

Sigmund hits you from afar with a +0 scythe.
You shoot an arrow. The arrow hits Sigmund.
Sigmund is heavily wounded.
Sigmund hits you from afar with a +0 scythe.
You shoot an arrow. The arrow barely misses Sigmund.
You have got your breath back.
695 ||| INVOKING Spit Poison.
Aiming: Spit Poison (2% risk of failure)
Press: ? - help, Shift-Dir - straight line, f/p - Sigmund The splash of poison hits Sigmund.
Sigmund is almost dead.
Sigmund casts a spell at you.
You are confused.
Sigmund closely misses you.
Sigmund drinks a potion.
Sigmund is healed!
You have got your breath back.
Sigmund closely misses you. Sigmund barely misses you.
You feel less confused. Sigmund barely misses you.
702 ||| INVOKING Spit Poison.
Aiming: Spit Poison (2% risk of failure)
Press: ? - help, Shift-Dir - straight line, f/p - Sigmund The splash of poison misses Sigmund.
You shoot an arrow. The arrow closely misses Sigmund.
Sigmund gestures at you while chanting. The magic dart hits you.
Sigmund hits you from afar with a +0 scythe.
You have got your breath back.
Sigmund hits you from afar with a +0 scythe!
A giant cockroach comes into view.
708 ||| INVOKING Spit Poison.
Aiming: Spit Poison (2% risk of failure)
Press: ? - help, Shift-Dir - straight line, f/p - Sigmund The splash of poison hits Sigmund.
Sigmund is poisoned.
Sigmund is lightly wounded.
You shoot an arrow. The arrow hits Sigmund.
Sigmund is moderately wounded.
Sigmund hits you from afar with a +0 scythe.
You die...

#.##### #.#...# #.#.#.#
#.#.#.# #.#.#.# #.#.#.# #
#.#.#.#
#.############.#.#<#####.#
#......@.@...B...%:%.....#
#.......######.#.........#
#..(....##...#.###########
.>$....................
.............##########
.........._..#
.............#
.............#
........######


You could see Sigmund (poisoned) and a giant cockroach.

Vanquished Creatures
  4 goblins (D:1)
  5 hobgoblins
  2 kobolds (D:1)
  2 quokkas (D:1)
  5 ball pythons
  2 bats (D:1)
  A frilled lizard (D:1)
  2 rats (D:1)
23 creatures vanquished.

Notes
Turn   | Place    | Note
-------+----------+-------------------------------------------
     0 | D:1      | qw the Naga Hunter began the quest for the Orb.
     0 | D:1      | Reached XP level 1. HP: 19/19 MP: 1/1
     0 | D:1      | 0 ||| qw: Version: 0.2-a-122-gbc61b45
     0 | D:1      | 0 ||| qw: Game counter: 3294
     0 | D:1      | 0 ||| qw: Always use a shield: true
     0 | D:1      | 0 ||| qw: God list: Okawaru
     0 | D:1      | 0 ||| qw: Allow faded altars: false
     0 | D:1      | 0 ||| qw: Do Orc after D:15 true
     0 | D:1      | 0 ||| qw: Do second Lair branch before Depths: true
     0 | D:1      | 0 ||| qw: Lair rune preference: random
     0 | D:1      | 0 ||| qw: Plans: Normal
     0 | D:1      | 0 ||| PLANNING D:1-11
    23 | D:1      | 23 ||| INVOKING Spit Poison.
    50 | D:1      | 50 ||| INVOKING Spit Poison.
    61 | D:1      | 61 ||| INVOKING Spit Poison.
   150 | D:1      | 150 ||| INVOKING Spit Poison.
   204 | D:1      | 204 ||| INVOKING Spit Poison.
   207 | D:1      | 207 ||| INVOKING Spit Poison.
   209 | D:1      | Reached skill level 4 in Ranged Weapons
   209 | D:1      | Reached XP level 2. HP: 26/26 MP: 2/2
   262 | D:1      | 262 ||| INVOKING Spit Poison.
   267 | D:1      | 267 ||| INVOKING Spit Poison.
   284 | D:1      | 284 ||| INVOKING Spit Poison.
   290 | D:1      | 290 ||| INVOKING Spit Poison.
   294 | D:1      | 294 ||| INVOKING Spit Poison.
   301 | D:1      | 301 ||| INVOKING Spit Poison.
   304 | D:1      | 304 ||| INVOKING Spit Poison.
   599 | D:1      | 599 ||| READING scroll labelled WUKLIQ VOPSESCH.
   600 | D:1      | 600 ||| DRINKING 2 purple potions.
   601 | D:1      | 601 ||| DROPPING scroll of butterflies.
   649 | D:2      | 649 ||| INVOKING Spit Poison.
   652 | D:2      | 652 ||| INVOKING Spit Poison.
   653 | D:2      | Reached XP level 3. HP: 29/32 MP: 3/3
   672 | D:2      | Found a radiant altar of Vehumet.
   682 | D:2      | Noticed Sigmund
   684 | D:2      | 684 ||| DRINKING potion of curing.
   684 | D:2      | 684 ||| (to cure confusion)
   686 | D:2      | 686 ||| INVOKING Spit Poison.
   690 | D:2      | 690 ||| INVOKING Spit Poison.
   695 | D:2      | 695 ||| INVOKING Spit Poison.
   702 | D:2      | 702 ||| INVOKING Spit Poison.
   705 | D:2      | HP: 2/32 [Sigmund/+0 scythe (11)]
   708 | D:2      | 708 ||| INVOKING Spit Poison.
   709 | D:2      | Slain by Sigmund

Levels and vault maps discovered:
D:1:      erik_arrival_orb_chamber, layout_loops_ring, minmay_nonomino_d4
D:2:      layout_basic, basic_altar, minmay_misc_feat_tiny,
          kennysheep_minor_cross, uniq_sigmund, uniq_natasha

Skill      XL: |  1 |
---------------+----+-----
Ranged Weapons | 4 |  4.5
Fighting       | |  2.0
Dodging        | |  1.5
Stealth        | |  1.5

Action                     || total
---------------------------++-------
   Fire: Shortbow          ||    46
Ability: Spit Poison       ||    20
    Use: Potion            ||     2
         Scroll            ||     1
 Armour: Leather armour    ||     3
  Dodge: Dodged            ||    16

Table legend:
 A = Non-vault XP
 B = Vault XP
 C = Vault XP percentage of total XP
 D = Non-vault monster count
 E = Vault monster count
 F = Vault count percentage of total count
                 A         B        C        D         E       F
            +---------+---------+-------+---------+---------+-------
      Total |      27 |      11 |  28.9 |      16 |       7 |  30.4
            +---------+---------+-------+---------+---------+-------
        D:1 |      22 |      11 |  33.3 |      13 |       7 |  35.0
        D:2 |       5 |       0 |   0.0 |       3 |       0 |   0.0
            +---------+---------+-------+---------+---------+-------
